 Dungeon Crawl Stone Soup version 0.31-a0-977-gc230f8ef24 (webtiles) character file.

Game seed: 17683576117258758882

1771 Firecrotchwizard the Ruffian (level 8, 0/64 HPs)
             Began as a Demonspawn Shapeshifter on Oct 29, 2023.
             Was a Believer of Okawaru.
             Slain by a killer bee (1 damage)
             ... on level 7 of the Dungeon.
             The game lasted 00:20:43 (7112 turns).

Firecrotchwizard the Ruffian (DsSh)                 Turns: 7112, Time: 00:20:44

Health: 0/64       AC:  6    Str: 16    XL:     8   Next: 80%
Magic:  11/11      EV: 11    Int: 12    God:    Okawaru [**....]
Gold:   382        SH:  0    Dex: 13    Spells: 7/7 levels left

rFire   . .          .
                       - Unarmed
rCold   . . .        (no shield)
rNeg    . . .        q - +0 scale mail
rPois   .            (helmet currently unavailable)
rElec   .            (cloak currently unavailable)
rCorr   .            (gloves currently unavailable)
SInv    .            (boots currently unavailable)
Will    .....        (no amulet) Stlth
                     (no ring)
HPRegen 0.30/turn    (no ring)
MPRegen 0.12/turn

%: no passive effects
@: lethally poisoned (0 -> -2), about to teleport, beast-form
A: beast (slay +3), repulsion field 1, powered by death 1, powered by pain 2,
demonic touch 2
a: Begin Untransformation, Renounce Religion, Heroism


You were on level 7 of the Dungeon.
You worshipped Okawaru.
Okawaru was pleased with you.
You were a hulking beast.
You visited 2 branches of the dungeon, and saw 8 of its levels.

You collected 382 gold pieces.

Inventory:

Missiles
 k - 11 poisoned darts
 l - 3 curare-tipped darts
 n - 4 darts of dispersal
 z - 2 throwing nets {@!f}
Armour
 a - a +1 animal skin
 h - a +0 pair of gloves
 q - a +0 scale mail (worn)
 y - a +0 chain mail
Talismans
 c - a beast talisman
 d - a flux talisman
 w - a blade talisman
Wands
 x - a wand of flame (12)
Scrolls
 i - 3 scrolls of identify
 j - a scroll of vulnerability
 s - a scroll of immolation
 t - a scroll of teleportation
Potions
 b - 3 potions of lignification
 e - 3 potions of heal wounds {unknown}
 f - a potion of mutation {unknown}
 g - a potion of attraction {unknown}
 m - a potion of curing
 o - a potion of cancellation {unknown}
 p - a potion of resistance {unknown}
 r - a potion of brilliance {unknown}
 u - a potion of degeneration {unknown}
 v - a potion of invisibility {unknown}


   Skills:
 + Level 6.2 Fighting
 - Level 1.7 Dodging
 + Level 6.2 Unarmed Combat
 - Level 5.0 Invocations
 + Level 5.7 Shapeshifting


You had 7 spell levels left.
You didn't know any spells.
Your spell library contained the following spells:

 Spells                   Type           Power      Damage    Failure   Level
 Freeze                   Ice            0%         1d3       77%         1
 Kiss of Death            Conj/Necr      0%         2d5       77%         1
 Confusing Touch          Hex            0%         N/A       98%         3
 Frozen Ramparts          Ice            0%         1d1       98%         3
 Hailstorm                Conj/Ice       0%         3d3       98%         3
 Ignite Poison            Fire/Tmut/Pois 0%         N/A       98%         3
 Inner Flame              Hex/Fire       0%         N/A       98%         3
 Dispel Undead            Necr           0%         3d6       100%        4
 Flame Wave               Conj/Fire      0%         2d4       100%        4
 Sticky Flame             Conj/Fire      0%         2d3       100%        4
 Ignition                 Fire           0%         3d3       100%        8


Dungeon Overview and Level Annotations

Branches:
Dungeon (7/15)             Temple (1/1) D:4

Altars:
Ashenzari
Dithmenos
Fedhas
Kikubaaqudgha
Nemelex Xobeh
Okawaru
Qazlal
Ru
Sif Muna
Trog
Uskayaw
Vehumet
Wu Jian
Xom
Yredelemnul

Shops:
D:6 *

Annotations:
D:4 exclusions: Eustachio and kobold


Innate Abilities, Weirdness & Mutations

You are a hulking beast.
Your limbs bulge with bestial killing power. (Slay +3)
You are surrounded by a mild repulsion field. (EV +2)
You regenerate a little health from kills.
You sometimes gain power by taking damage.
Your touch may inflict irresistible damage on your foes.


Message History

You hear an angry buzzing noise.
You hear an angry hiss.
An orc priest comes into view. It is wielding a +0 club.
The centaur shoots an arrow.
The arrow hits you.
The centaur unwields a +0 orcbow.
The centaur misses you. The centaur closely misses you.
You barely miss the centaur. The centaur hits you.
The centaur barely misses you.
You punch the centaur!
You touch the centaur!
The centaur is severely wounded.
The centaur hits you. The centaur closely misses you.
You barely miss the centaur.
You touch the centaur.
You kill the centaur!
Okawaru accepts your kill.
An orc comes into view.
It is wielding a +0 short sword and quivering poisoned darts.
The orc shouts!
You hear a shout! x2; You hear an angry buzzing noise. x2
You hear a shout!
A killer bee comes into view.
An orc wizard comes into view. It is wielding a +0 dagger.
You hear an angry buzzing noise.
Things that are here:
a +0 orcbow; a centaur corpse A killer bee comes into view.
The orc priest casts a cantrip, but nothing happens.
A killer bee comes into view.
The killer bee attacks as it pursues you!
The killer bee stings you. x2
You are poisoned.
The killer bee poisons you!
You feel sick. The killer bee stings you!
Okay, then.
You feel better. The killer bee misses you. The killer bee stings you.
You miss the killer bee. Your touch misses the killer bee.
You punch the killer bee.
The killer bee is lightly wounded.
A killer bee comes into view.
The killer bee barely misses you. x2
You barely miss the killer bee. Your touch misses the killer bee.
The killer bee is lightly wounded.
A killer bee comes into view.
The killer bee closely misses you.
The orc wizard casts a spell.
The orc wizard flickers and vanishes!
Deactivating autopickup; reactivate with Ctrl-A.
You hit the killer bee. Your touch misses the killer bee.
The killer bee is moderately wounded.
The killer bee stings you.
You are poisoned.
The killer bee poisons you! The killer bee closely misses you.
You hit the killer bee. Your touch misses the killer bee.
The killer bee is severely wounded.
You feel very sick.
The killer bee stings you but does no damage.
The killer bee barely misses you.
You miss the killer bee. Your touch misses the killer bee.
The killer bee is severely wounded.
You feel sick.
The killer bee stings you but does no damage.
The killer bee barely misses you.
You miss the killer bee. Your touch misses the killer bee.
The killer bee is severely wounded.
You feel sick. The killer bee stings you!
You are more poisoned.
The killer bee poisons you!
You punch the killer bee!
You kill the killer bee!
Okawaru accepts your kill.
You feel very sick.
You miss the killer bee. Your touch misses the killer bee.
You feel sick. The killer bee stings you.
* * * LOW HITPOINT WARNING * * *
You are more poisoned.
The killer bee poisons you! The killer bee stings you.
* * * LOW HITPOINT WARNING * * *
You feel better.
The killer bee stings you but does no damage.
The killer bee stings you.
* * * LOW HITPOINT WARNING * * *
You are poisoned.
The killer bee poisons you!
The orc priest looks encouraged for a moment.
You miss the killer bee.
You feel sick.
The killer bee stings you but does no damage.
The killer bee stings you.
* * * LOW HITPOINT WARNING * * *
You barely miss the killer bee.
You feel sick.
The killer bee stings you but does no damage.
The killer bee barely misses you.
You feel sick.
The killer bee attacks as it pursues you!
The killer bee completely misses you.
The orc priest calls down the wrath of Beogh upon you.
Beogh smites you!
* * * LOW HITPOINT WARNING * * *
The killer bee stings you.
* * * LOW HITPOINT WARNING * * *
As you read the scroll of teleportation, it crumbles to dust.
You feel strangely unstable.
You feel sick. The killer bee stings you.
* * * LOW HITPOINT WARNING * * *
The killer bee stings you.
You die...

#.......#######..# ..
#.)^....####.....# .#
#.).........)##.)##.#
.......###......o...#
######## ..####.o####
###.yy# ###...#y#
#...###y# . #.### #h#
#.. #.# #..# .. ##.#
##.# ###..# .#
####...## .# #....###
.# ##.#### .# #..# .#
###.######.


You could see 4 killer bees, an orc priest and an orc.

Vanquished Creatures
  Eustachio (D:4)
  A steam dragon (D:6)
  An orc warrior (D:6)
  4 ogres (D:6)
  A centaur (D:7)
  Blork the orc (D:6)
  4 scorpions
  A killer bee (D:7)
  A jelly (D:7)
  2 orc priests (D:6)
  A gnoll bouda (D:6)
  3 hounds (D:5)
  An iguana (D:5)
  Terence (D:2)
  Natasha (thrice) (D:2)
  3 orc wizards (D:6)
  11 adders
  4 gnolls (D:6)
  A shadow imp (D:5)
  A white imp (D:6)
  A worm (D:2)
  14 orcs
  5 bats
  5 endoplasms
  A giant cockroach (D:4)
  6 goblins
  4 hobgoblins
  3 jackals (D:4)
  2 quokkas
  6 ball pythons
  A frilled lizard (D:1)
  2 kobolds
  8 rats
104 creatures vanquished.

Notes
Turn   | Place    | Note
-------+----------+-------------------------------------------
     0 | D:1      | Firecrotchwizard the Demonspawn Shapeshifter began the
                  | quest for the Orb.
     0 | D:1      | Reached XP level 1. HP: 15/15 MP: 1/1
   169 | D:1      | Found a faded altar of an unknown god.
   235 | D:1      | Gained mutation: You regenerate a little health from kills.
                  | [demonic ancestry]
   235 | D:1      | Reached XP level 2. HP: 21/21 MP: 2/2
   740 | D:2      | Gained mutation: Your touch may inflict minor irresistible
                  | damage on your foes. [demonic ancestry]
   740 | D:2      | Reached XP level 3. HP: 21/27 MP: 3/3
   834 | D:2      | Identified the staff "Fotrump" {Contam rPois Int+6 Earth}
   848 | D:2      | Noticed Terence
   869 | D:2      | Killed Terence
   870 | D:2      | Reached XP level 4. HP: 29/34 MP: 4/4
  1488 | D:3      | Noticed Natasha
  1643 | D:2      | Killed Natasha
  1998 | D:3      | Found a basalt altar of Yredelemnul.
  2390 | D:4      | Gained mutation: Your touch may inflict irresistible damage
                  | on your foes. [demonic ancestry]
  2390 | D:4      | Reached XP level 5. HP: 35/40 MP: 5/5
  2408 | D:4      | Noticed Eustachio
  2789 | D:4      | Found a staircase to the Ecumenical Temple.
  2806 | Temple   | Entered the Ecumenical Temple
  2847 | Temple   | Became a worshipper of Warmaster Okawaru
  3004 | D:5      | Entered Level 5 of the Dungeon
  3149 | D:5      | Gained mutation: You sometimes gain a little power by
                  | taking damage. [demonic ancestry]
  3149 | D:5      | Reached XP level 6. HP: 35/47 MP: 6/6
  4029 | D:6      | Noticed a steam dragon
  4077 | D:6      | Reached * piety under Okawaru
  4078 | D:6      | Gained mutation: You sometimes gain power by taking damage.
                  | [demonic ancestry]
  4078 | D:6      | Reached XP level 7. HP: 55/55 MP: 7/7
  4209 | D:6      | Killed a steam dragon
  4210 | D:6      | Reached skill level 5 in Unarmed Combat
  4298 | D:6      | Found Luugrog's Overcharged Wands.
  4308 | D:6      | Reached skill level 5 in Fighting
  4335 | D:6      | Reached skill level 5 in Shapeshifting
  4552 | D:6      | Reached ** piety under Okawaru
  4730 | D:6      | Gained mutation: You are surrounded by a mild repulsion
                  | field. (EV +2) [demonic ancestry]
  4730 | D:6      | Reached XP level 8. HP: 63/63 MP: 8/8
  4943 | D:6      | Noticed Blork the orc
  4951 | D:6      | Killed Blork the orc
  5396 | D:2      | Noticed Natasha
  5403 | D:2      | Killed Natasha
  5560 | D:2      | Noticed Natasha
  5567 | D:2      | Killed Natasha
  6618 | D:4      | Killed Eustachio
  6770 | D:4      | Reached skill level 5 in Invocations
  7112 | D:7      | HP: 1/64 [killer bee (4)]
  7112 | D:7      | Slain by a killer bee

Illustrated notes

Levels and vault maps discovered:
D:1:      sevenhm_arrival_forest_fort_small_3, layout_basic,
          hellmonk_ecumenical_altar_heavens_door, minmay_misc_feat_room,
          serial_bayou_pond_d
D:2:      layout_rooms, uniq_terence
D:3:      layout_basic, mainiacjoe_overflow_alcove_1,
          minmay_misc_feat_four_crosses, uniq_natasha
D:4:      layout_gridville, minmay_temple_entry_grid, uniq_eustachio
D:5:      layout_layer_cave
D:6:      layout_loops_cross, amcnicky_mini_corridor_feature,
          nicolae_shop_overcharged_wands, uniq_blork_the_orc
D:7:      layout_rooms, cheibriados_altar_1
Temple:   nicolae_temple_slightly_damp_pantheon

Skill      XL: |  1  2  3  4  5  6  7  8 |
---------------+-------------------------+-----
Unarmed Combat | 3 4 5 6 |  6.2
Shapeshifting  | 3 4 5 |  5.7
Fighting       | 2 3 4 5 6 |  6.2
Invocations    | 5 |  5.0
Dodging        | |  1.7

Action                     |  1- 3 |  4- 6 |  7- 9 || total
---------------------------+-------+-------+-------++-------
  Melee: Unarmed           |    63 |   136 |    93 ||   292
         Touch             |     4 |    25 |    23 ||    52
         Punch             |       |     1 |     5 ||     6
  Throw: Dart              |       |     4 |    14 ||    18
    Use: Scroll            |       |     7 |     5 ||    12
         Potion            |       |       |     2 ||     2
   Stab: Sleeping          |     1 |       |       ||     1
 Armour: Animal skin       |    21 |    69 |    21 ||   111
         Scale mail        |       |       |    42 ||    42
  Dodge: Dodged            |    33 |    81 |    39 ||   153

Table legend: (Time is in decaauts)
 A = Elapsed time spent in this place.
 B = Non-inter-level travel time spent in this place.
 C = Inter-level travel time spent in this place.
 D = Time resting spent in this place.
 E = Time spent auto-exploring this place.
 F = Levels seen in this place.
 G = Mean time per level.
                   A        B        C        D        E       F      G
               +--------+--------+--------+--------+--------+-----+--------+
         Total |   7098 |   6627 |    471 |   2256 |   3468 |   8 |  887.2 |
       Dungeon |   7037 |   6625 |    412 |   2256 |   3468 |   7 | 1005.3 |
        Temple |     60 |      1 |     59 |      0 |      0 |   1 |   60.0 |
               +--------+--------+--------+--------+--------+-----+--------+

Top non-repeatable levels by time:
     D:4: 1976 daAuts
     D:6: 1292 daAuts
     D:5: 1078 daAuts
     D:2: 1028 daAuts
     D:3: 930 daAuts
     D:1: 596 daAuts
     D:7: 133 daAuts
  Temple: 60 daAuts
